 Dungeon Crawl Stone Soup version 0.31-a0-1589-g8f5e8aebd6 (webtiles) character file.

Game seed: 747042778272494239

59 Dordric the Shooter (level 4, -2/33 HPs)
             Began as a Formicid Hunter on Jan 5, 2024.
             Killed from afar by Crazy Yiuf (11 damage)
             ... on level 2 of the Dungeon.
             The game lasted 00:01:52 (1689 turns).

Dordric the Shooter (Formicid Hunter)               Turns: 1689, Time: 00:01:54

Health: -2/33      AC:  3    Str: 15    XL:     4   Next: 22%
Magic:  4/4        EV:  6    Int:  9    God:
Gold:   111        SH:  0    Dex: 19    Spells: 3/3 levels left

rFire   . . .        a - +0 shortbow
rCold   . . .        (no shield)
rNeg    + . .        c - +0 leather armour
rPois   .            (helmet unavailable)
rElec   .            i - scarf {+Inv}
rCorr   .            (no gloves)
SInv    +            (no boots)
Will    .....        (no amulet)
Stlth   ++           l - ring of positive energy
HPRegen 0.25/turn    (no ring)
MPRegen 0.09/turn

%: no passive effects
@: held
A: permanent stasis, dig shafts and tunnels, antennae 3, four strong arms
a: Dig, Shaft Self, Evoke Invisibility


You were on level 2 of the Dungeon.
You visited 1 branch of the dungeon, and saw 2 of its levels.

You collected 111 gold pieces.

Inventory:

Hand Weapons
 a - a +0 shortbow (weapon)
Armour
 c - a +0 leather armour (worn)
 i - a scarf of invisibility (worn)
Jewellery
 l - a ring of positive energy (left hand)
 m - a ring of poison resistance
 q - a +6 ring of dexterity
Scrolls
 b - a scroll of butterflies
 d - 2 scrolls of enchant weapon {unknown}
 e - 2 scrolls of noise {unknown}
 f - a scroll of teleportation {unknown}
 h - 5 scrolls of identify {unknown}
Potions
 g - 3 potions of lignification {unknown}
 j - a potion of heal wounds {unknown}
 k - a potion of curing {unknown}
 n - a potion of mutation {unknown}
 o - a potion of haste {unknown}
 p - 3 potions of degeneration {unknown}


   Skills:
 - Level 2.1 Fighting
 + Level 5.5 Ranged Weapons
 - Level 1.7 Dodging
 - Level 1.2 Stealth


You had 3 spell levels left.
You didn't know any spells.
Your spell library contained the following spells:

 Spells                   Type           Power      Damage    Failure   Level
 Lesser Beckoning         Tloc           0%         N/A       58%         2
 Gell's Gravitas          Tloc           0%         N/A       83%         3
 Teleport Other           Tloc           0%         N/A       83%         3


Dungeon Overview and Level Annotations

Branches:
Dungeon (2/15)

Altars:

Annotations:
D:2 Crazy Yiuf


Innate Abilities, Weirdness & Mutations

You cannot be hasted, slowed, berserked, paralysed or teleported.
You can dig through walls and to a lower floor.
You have a pair of large antennae on your head. (SInv)
Your four strong arms can wield two-handed weapons with a shield.


Message History

Crazy Yiuf shouts!
You sense a monster nearby.
You see here a +0 ring mail.
You see here 4 stones.
g - 3 fizzy emerald potions (gained 2)
Found 4 stones.
Found 6 stones.
No target in view!
Found a stone staircase leading down.
You see here 4 stones.
You now have 111 gold pieces (gained 9).
You see here a +0 flail.
There is a stone staircase leading up here.
Crazy Yiuf shouts!
Could not explore, unopened runed door.
Could not explore, unopened runed door.
Could not explore, unopened runed door.
Could not explore, unopened runed door.
No reachable target in view!
You open the door. You shoot an arrow. The arrow hits Crazy Yiuf.
Crazy Yiuf is lightly wounded.
Crazy Yiuf closely misses you.
You shoot an arrow. The arrow hits Crazy Yiuf.
Crazy Yiuf is moderately wounded.
Crazy Yiuf hits you with a +2 quarterstaff of chaos!
Crazy Yiuf draws strength from your wounds!
Crazy Yiuf says, "Rifle forty-two ladder!"
Crazy Yiuf closely misses you.
You shoot an arrow. The arrow hits Crazy Yiuf.
Crazy Yiuf is moderately wounded.
Crazy Yiuf barely misses you.
You shoot an arrow. The arrow closely misses Crazy Yiuf.
Crazy Yiuf misses you.
You shoot an arrow. The arrow hits Crazy Yiuf.
Crazy Yiuf is heavily wounded.
Crazy Yiuf hits you with a +2 quarterstaff of chaos!
* * * LOW HITPOINT WARNING * * *
The Crazy Yiuf's quarterstaff of chaos hits you!
You are caught in a web!
You die...

# ### ###### #####
#)..### ##....##
....#
#...g@####......#
###.#
#...##..#.......# #
#.# ### ###.#......#
# #.# #######.##
###.###### #.#
.........###########
##.#
...................#
#..#
###.###########.##.#
#.## ....# #.##.#
#.#


You could see Crazy Yiuf.

Vanquished Creatures
  An adder (D:2)
  A dart slug (D:1)
  2 endoplasms
  2 giant cockroaches
  3 hobgoblins
  3 jackals (D:2)
  4 quokkas
  4 ball pythons
  9 bats
  5 frilled lizards
  5 goblins
  3 kobolds
  4 rats
46 creatures vanquished.

Notes
Turn   | Place    | Note
-------+----------+-------------------------------------------
     0 | D:1      | Dordric the Formicid Hunter began the quest for the Orb.
     0 | D:1      | Reached XP level 1. HP: 16/16 MP: 1/1
     6 | D:1      | Noticed a swamp drake
     6 | D:1      | Noticed a black bear
     6 | D:1      | Noticed a hound
     7 | D:1      | Noticed a swamp worm
     7 | D:1      | Noticed a killer bee
   118 | D:1      | Reached XP level 2. HP: 22/22 MP: 2/2
   132 | D:1      | Found a faded altar of an unknown god.
   423 | D:1      | Reached XP level 3. HP: 27/27 MP: 3/3
   781 | D:1      | Reached skill level 5 in Ranged Weapons
   919 | D:2      | Reached XP level 4. HP: 33/33 MP: 4/4
  1446 | D:2      | Found a runed translucent door.
  1447 | D:2      | Noticed Crazy Yiuf
  1689 | D:2      | Killed from afar by Crazy Yiuf

Illustrated notes

Levels and vault maps discovered:
D:1:      onia_arrival_zoo_common, layout_basic, shapermc_ecumenical_altar_gd,
          minmay_indecisive_spiral
D:2:      layout_loops_ring, minmay_randomly_rotated_circles,
          uniq_crazy_yiuf_cottage

Skill      XL: |  1  2  3 |
---------------+----------+-----
Ranged Weapons | 5 |  5.5
Fighting       | |  2.1
Dodging        | |  1.7
Stealth        | |  1.2

Action                     |  1- 3 |  4- 6 || total
---------------------------+-------+-------++-------
   Fire: Shortbow          |    82 |    33 ||   115
 Armour: Leather armour    |     9 |    15 ||    24
  Dodge: Dodged            |    14 |    15 ||    29

Table legend: (Time is in decaauts)
 A = Elapsed time spent in this place.
 B = Non-inter-level travel time spent in this place.
 C = Inter-level travel time spent in this place.
 D = Time resting spent in this place.
 E = Time spent auto-exploring this place.
 F = Levels seen in this place.
 G = Mean time per level.
                   A        B        C        D        E       F      G
               +--------+--------+--------+--------+--------+-----+--------+
         Total |   1708 |   1687 |     21 |      0 |   1400 |   2 |  854.0 |
       Dungeon |   1708 |   1687 |     21 |      0 |   1400 |   2 |  854.0 |
               +--------+--------+--------+--------+--------+-----+--------+

Top non-repeatable levels by time:
     D:1: 865 daAuts
     D:2: 843 daAuts
